 Dungeon Crawl Stone Soup version 0.30-a0-613-gdd512c7efb (webtiles) character file.

Game seed: 8281325282039177111

541 oldriver the Sneak (level 7, -6/85 HPs)
             Began as a Formicid Wanderer on Jan 9, 2023.
             Splashed by a jelly's acid (8 damage)
             ... on level 5 of the Dungeon.
             The game lasted 00:04:37 (3124 turns).

oldriver the Sneak (Formicid Wanderer)              Turns: 3124, Time: 00:04:38

Health: -6/85      AC:  3    Str: 15    XL:     7   Next: 51%
Magic:  13/13      EV:  2    Int: 10    God:
Gold:   229        SH:  0    Dex: 18    Spells: 13/14 levels left

rFire   . . .      SeeInvis .    r - +2 dagger (venom)
rCold   + . .      Faith    .    (no shield)
rNeg    . . .      Spirit   .    (body armour currently unavailable)
rPois   +          Reflect  .    (helmet unavailable)
rElec   .          Harm     .    (cloak currently unavailable)
rCorr   .          Rampage  .    (gloves currently unavailable)
Will    .....                    (boots currently unavailable)
Stlth   +++                      (no amulet)
HPRegen 0.34/turn                k - ring of protection from cold
MPRegen 0.13/turn                o - +4 ring of protection

@: tree-form, corroded
A: stationary, stasis, torment immunity, boosted hp, permanent stasis, dig
shafts and tunnels, (antennae 3), four strong arms
a: no special abilities


You were on level 5 of the Dungeon.
You were a tree.
You visited 1 branch of the dungeon, and saw 5 of its levels.

You collected 229 gold pieces.

Inventory:

Hand Weapons
 r - a +2 dagger of venom (weapon)
Missiles
 f - 6 poisoned darts
Armour
 c - a +0 leather armour (melded)
 e - a +0 pair of gloves (melded)
Jewellery
 k - a ring of protection from cold (left branch)
 o - a +4 ring of protection (right branch)
Scrolls
 j - a scroll of identify
 n - 3 scrolls of enchant weapon
Potions
 b - a potion of might
 d - a potion of attraction
 h - a potion of lignification
 i - a potion of flight {unknown}
 l - a potion of mutation {unknown}
 m - 2 potions of magic {unknown}
 q - a potion of resistance {unknown}


   Skills:
 + Level 5.6 Fighting
 + Level 2.9 Short Blades
 + Level 6.2 Stealth
 - Level 4.3 Spellcasting
 - Level 2.4 Hexes


You had 13 spell levels left.
You knew the following spells:

 Your Spells              Type           Power      Damage    Failure   Level
a - Slow                  Hex            28%        N/A       9%          1

Your spell library contained the following spells:

 Spells                   Type           Power      Damage    Failure   Level
 Freeze                   Ice            8%         1d3       24%         1
 Magic Dart               Conj           8%         1d3       24%         1
 Sandblast                Erth           4%         2d4       24%         1
 Shock                    Conj/Air       8%         1d3       24%         1
 Passwall                 Tmut/Erth      1%         N/A       36%         2
 Dazzling Flash           Conj/Hex       8%         N/A       41%         3
 Inner Flame              Hex/Fire       4%         N/A       41%         3
 Frozen Ramparts          Ice            4%         1d1       58%         3
 Hailstorm                Conj/Ice       2%         3d3       58%         3
 Ignite Poison            Fire/Tmut/Pois 2%         N/A       58%         3
 Kindle Blastsparks       Fire/Tloc/Air  4%         2d10      58%         3
 Ozocubu's Armour         Ice            2%         N/A       58%         3
 Stone Arrow              Conj/Erth      4%         3d7       58%         3
 Freezing Cloud           Conj/Ice/Air   1%         6-21      100%        5
 Ozocubu's Refrigeration  Ice            1%         4d7       100%        7


Dungeon Overview and Level Annotations

Branches:
Dungeon (5/15)
 Temple: D:4-7

Altars:
Dithmenos
Elyvilon

Shops:
D:2 (   D:4 ?


Innate Abilities, Weirdness & Mutations

You are a tree.
Your roots penetrate the ground, keeping you stationary.
You cannot be teleported.
You are immune to unholy pain and torment.
Your maximum health is greatly increased.
Your equipment is partially melded.
You cannot be hasted, slowed, berserked, paralysed or teleported.
You can dig through walls and to a lower floor.
((You have a pair of large antennae on your head. (SInv)))
Your four strong arms can wield two-handed weapons with a shield.


Message History

The jelly hits you. The acid corrodes you!
You are splashed with acid!
You hit the jelly but do no damage. The acid corrodes you!
Your hands burn!
The jelly is lightly wounded.
The jelly hits you. The acid corrodes you!
You are splashed with acid!
You are too injured to fight recklessly!
You are too injured to fight recklessly!
You are too injured to fight recklessly!
You are too injured to fight recklessly!
You are too injured to fight recklessly!
You are too injured to fight recklessly!
You are too injured to fight recklessly!
You are too injured to fight recklessly!
You are too injured to fight recklessly!
You are too injured to fight recklessly!
You are too injured to fight recklessly!
You are too injured to fight recklessly!
You are too injured to fight recklessly!
The jelly attacks as you move away! The jelly hits you. The acid corrodes you!
You are splashed with acid!
The jelly hits you.
You are splashed with acid!
* * * LOW HITPOINT WARNING * * *
You aren't carrying any items that you can evoke.
Okay, then.
You hit the jelly but do no damage.
The jelly looks even sicker.
The acid corrodes you!
Your hands burn!
* * * LOW HITPOINT WARNING * * *
The jelly is lightly wounded.
The jelly hits you.
* * * LOW HITPOINT WARNING * * *
The acid corrodes you!
You are splashed with acid!
* * * LOW HITPOINT WARNING * * *
Okay, then.
Okay, then.
It was a potion of lignification.
You turn into a tree.
Your +0 pair of gloves melds into your body.
Your +0 leather armour melds into your body.
Your roots penetrate the ground.
The jelly hits you.
* * * LOW HITPOINT WARNING * * *
You are splashed with acid!
You die...

{ ### ..# #.# #.#
# #.# .#
#.###<######.###.
#......♣.....>...
#...#...J....###
##..#..##(####
... #..##.# ####
#..##.. ...#####
..... ...#.#
.#<....


You could see a jelly (very poisoned).

Vanquished Creatures
  Menkaure (D:4)
  A bullfrog (D:4)
  A necrophage (D:4)
  A hound (D:4)
  A jelly (D:4)
  Jessica (D:3)
  An iguana (D:5)
  2 orc wizards
  6 adders
  A dart slug (D:2)
  9 orcs
  2 bats (D:3)
  10 endoplasms
  2 giant cockroaches (D:4)
  8 goblins
  9 hobgoblins
  7 jackals (D:1)
  3 quokkas
  7 ball pythons
  2 frilled lizards
  6 kobolds
  8 rats
89 creatures vanquished.

Vanquished Creatures (others)
  11 plants (D:3)
11 creatures vanquished.

Grand Total: 100 creatures vanquished

Notes
Turn   | Place    | Note
-------+----------+-------------------------------------------
     0 | D:1      | oldriver the Formicid Wanderer began the quest for the Orb.
     0 | D:1      | oldriver set off with the following items: a +0 dagger, a
                  | potion of might, a +0 leather armour, a potion of
                  | attraction; and the following spells available to memorise:
                  | Slow, Magic Dart, Sandblast, Shock, Dazzling Flash, Inner
                  | Flame.
     0 | D:1      | Reached XP level 1. HP: 16/16 MP: 5/5
     2 | D:1      | Learned a level 1 spell: Slow
   144 | D:1      | Reached skill level 2 in Stealth
   144 | D:1      | Reached XP level 2. HP: 14/23 MP: 7/7
   415 | D:1      | Reached XP level 3. HP: 28/29 MP: 8/8
  1007 | D:2      | Reached skill level 3 in Stealth
  1219 | D:2      | Reached XP level 4. HP: 35/35 MP: 10/10
  1336 | D:2      | Found Pivvurum's Antique Weapon Shop.
  1366 | D:2      | Reached skill level 4 in Stealth
  1368 | D:2      | Reached XP level 5. HP: 35/42 MP: 11/11
  1696 | D:3      | Noticed Jessica
  1707 | D:3      | Killed Jessica
  1851 | D:3      | Found a white marble altar of Elyvilon.
  2188 | D:3      | Found a shadowy altar of Dithmenos.
  2364 | D:4      | Noticed a bullfrog
  2369 | D:4      | Killed a bullfrog
  2370 | D:4      | Reached skill level 1 in Short Blades
  2370 | D:4      | Reached skill level 5 in Stealth
  2370 | D:4      | Reached XP level 6. HP: 49/49 MP: 12/12
  2489 | D:4      | Found The Oracle's Delphic Readings.
  2492 | D:4      | Reached skill level 5 in Fighting
  2558 | D:4      | Noticed Menkaure
  2585 | D:4      | Killed Menkaure
  2586 | D:4      | Reached skill level 6 in Stealth
  2586 | D:4      | Reached XP level 7. HP: 16/56 MP: 13/13
  2841 | D:4      | Identified the +5 short sword of Hatred {vamp, *Slow Int+5
                  | Dex+4 Stlth+}
  3110 | D:5      | Entered Level 5 of the Dungeon
  3123 | D:5      | HP: 2/57 [acid (8)]
  3124 | D:5      | Splashed by a jelly's acid

Illustrated notes

Levels and vault maps discovered:
D:1:      dpeg_arrival_three_same_balls, layout_basic
D:2:      layout_rooms, serial_shops, shop
D:3:      layout_rooms, amcnicky_altar_gilded, grunt_dithmenos_smoke,
          kennysheep_boxes, uniq_jessica
D:4:      layout_cave_pools, nicolae_nh_oracle_at_delphi, uniq_menkaure
D:5:      layout_loops_ring, nicolae_wu_jian_wuxing_cycle,
          makhleb_blood_cavern_becter, temple_green, serial_undead,
          serial_undead_a, serial_undead_b, serial_undead_a, serial_undead_c

Skill      XL: |  1  2  3  4  5  6 |
---------------+-------------------+-----
Stealth        | 2 3 4 5 6 |  6.2
Fighting       | 3 4 5 |  5.6
Short Blades   | 1 2 |  2.9
Spellcasting   | |  4.3
Hexes          | |  2.4

Action                   |  1- 3 |  4- 6 |  7- 9 || total
-------------------------+-------+-------+-------++-------
Melee: Dagger            |    96 |   142 |    21 ||   259
       Punch             |       |     3 |       ||     3
  Use: Potion            |       |     3 |     1 ||     4
       Scroll            |       |     3 |       ||     3
 Stab: Sleeping          |     8 |     6 |     1 ||    15
Armor: Leather armour    |    34 |    53 |     6 ||    93
Dodge: Dodged            |    55 |    74 |     7 ||   136

Table legend: (Time is in decaauts)
 A = Elapsed time spent in this place.
 B = Non-inter-level travel time spent in this place.
 C = Inter-level travel time spent in this place.
 D = Time resting spent in this place.
 E = Time spent auto-exploring this place.
 F = Levels seen in this place.
 G = Mean time per level.
                   A        B        C        D        E       F      G
               +--------+--------+--------+--------+--------+-----+--------+
         Total |   3115 |   2968 |    147 |    326 |   1906 |   5 |  623.0 |
       Dungeon |   3115 |   2968 |    147 |    326 |   1906 |   5 |  623.0 |
               +--------+--------+--------+--------+--------+-----+--------+

Top non-repeatable levels by time:
     D:1: 1038 daAuts
     D:3: 744 daAuts
     D:4: 739 daAuts
     D:2: 580 daAuts
     D:5: 13 daAuts
